TOP OF THE 1ST |
Atlanta Braves batting - Pitching for Houston Astros : RHP Rick Camp
|
Pitching: RHP Rick Camp
|
|
Batting: LHB Brett Butler
|
0-0: Ball 1-0: Called Strike 1-1: Fly out, F7 (Line Drive, 7D, EV 93.1 MPH)
|
Batting: LHB Joe L Morgan
|
0-0: Ball 1-0: Ball 2-0: Foul Ball, location: 2F 2-1: Ball 3-1: Foul Ball, location: 2F 3-2: Ground out 4-3 (Groundball, 4, EV 91.9 MPH)
|
Batting: SHB Tony Fernandez
|
0-0: Called Strike 0-1: Ball 1-1: Fly out, F6 (Popup, 15S, EV 87.5 MPH)
|
Top of the 1st over - 0 runs, 0 hits, 0 errors, 0 left on base; Atlanta 0 - Houston 0 |
BOTTOM OF THE 1ST |
Houston Astros batting - Pitching for Atlanta Braves : RHP Dick Drago
|
Pitching: RHP Dick Drago
|
|
Batting: RHB Mickey Hatcher
|
0-0: Ball 1-0: Foul Ball, location: 2F 1-1: Called Strike 1-2: Ball 2-2: Ground out 6-3 (Groundball, 6, EV 104.4 MPH)
|
Batting: RHB John Castino
|
0-0: Called Strike 0-1: SINGLE (Flyball, 78S, EV 88.8 MPH)
|
Batting: LHB Jose Cruz
|
0-0: Called Strike 0-1: Ball 1-1: Called Strike 1-2: Grounds into double play, 3-6-3 (Groundball, 34, EV 94.4 MPH)
|
Bottom of the 1st over - 0 runs, 1 hit, 0 errors, 0 left on base; Atlanta 0 - Houston 0 |
TOP OF THE 2ND |
Atlanta Braves batting - Pitching for Houston Astros : RHP Rick Camp
|
Batting: LHB Karl Pagel
|
0-0: Ball 1-0: Ball 2-0: Ball 3-0: Base on Balls
|
Batting: LHB Leon Durham
|
0-0: Ball 1-0: Fly out, F5 (Line Drive, 5, EV 60.0 MPH)
|
Batting: LHB Mike Hargrove
|
0-0: SINGLE (Line Drive, 9S, EV 103.1 MPH) Karl Pagel to second Karl Pagel to third
|
Batting: LHB Mike Scioscia
|
0-0: Foul Ball, location: 2F 0-1: Ball 1-1: Ball 2-1: Foul Ball, location: 2F 2-2: Reached on error, E5 (Groundball, 56, EV 80.0 MPH) Karl Pagel scores Mike Hargrove to second
|
Batting: RHB Tom Veryzer
|
0-0: Foul Ball, location: 2F 0-1: Fly out, F6 (Popup, 6MS, EV 82.5 MPH)
|
Batting: RHB Dick Drago
|
0-0: Ball 1-0: SINGLE (Line Drive, 8LS, EV 106.9 MPH) Mike Hargrove to third Mike Scioscia to second Runner from 3rd tries for Home, SAFE, throw by CF to home
|
Batting: LHB Brett Butler
|
0-0: Foul Ball, location: 2F 0-1: Swinging Strike 0-2: Ground out U3 (Groundball, 34, EV 79.4 MPH)
|
Top of the 2nd over - 2 runs, 2 hits, 1 error, 2 left on base; Atlanta 2 - Houston 0 |
BOTTOM OF THE 2ND |
Houston Astros batting - Pitching for Atlanta Braves : RHP Dick Drago
|
Batting: RHB Julio Franco
|
0-0: Ball 1-0: Ball 2-0: Ball 3-0: Called Strike 3-1: Foul Ball, location: 2F 3-2: Foul Ball, location: 2F 3-2: Foul Ball, location: 2F 3-2: Base on Balls
|
Batting: SHB Christopher Clark
|
0-0: Fly out, F7 (Flyball, 78D, EV 104.4 MPH)
|
Batting: RHB Zail Smith
|
0-0: Ball 1-0: Called Strike 1-1: Ball 2-1: Grounds into double play, 5-4-3 (Groundball, 56S, EV 86.3 MPH)
|
Bottom of the 2nd over - 0 runs, 0 hits, 0 errors, 0 left on base; Atlanta 2 - Houston 0 |
TOP OF THE 3RD |
Atlanta Braves batting - Pitching for Houston Astros : RHP Rick Camp
|
Batting: LHB Joe L Morgan
|
0-0: Ball 1-0: Foul Ball, location: 2F 1-1: Ball 2-1: Ball 3-1: Foul Ball, location: 2F 3-2: SINGLE (Line Drive, 3D, EV 95.6 MPH)
|
Batting: SHB Tony Fernandez
|
0-0: Ball 1-0: Ball 2-0: Called Strike 2-1: Ground out 6-3 (Groundball, P, EV 88.1 MPH) Joe L Morgan to second
|
Batting: LHB Karl Pagel
|
0-0: Ball 1-0: Called Strike 1-1: Ground out 4-3 (Groundball, 4M, EV 78.1 MPH) Joe L Morgan to third
|
Batting: LHB Leon Durham
|
0-0: Ball 1-0: Ball 2-0: Called Strike 2-1: Foul Ball, location: 2F 2-2: Ground out U3 (Groundball, 34, EV 90.6 MPH)
|
Top of the 3rd over - 0 runs, 1 hit, 0 errors, 1 left on base; Atlanta 2 - Houston 0 |
BOTTOM OF THE 3RD |
Houston Astros batting - Pitching for Atlanta Braves : RHP Dick Drago
|
Batting: SHB Tom Herr
|
0-0: Ball 1-0: Ball 2-0: Ground out 6-3 (Groundball, 6MD, EV 103.8 MPH)
|
Batting: RHB Dave Valle
|
0-0: Called Strike 0-1: Ball 1-1: Called Strike 1-2: Fly out, F9 (Flyball, 9LS, EV 78.8 MPH)
|
Batting: RHB Rick Camp
|
0-0: Called Strike 0-1: Called Strike 0-2: Ball 1-2: Ball 2-2: Foul Ball, location: 2F 2-2: Foul Ball, location: 2F 2-2: Strikes out swinging
|
Bottom of the 3rd over - 0 runs, 0 hits, 0 errors, 0 left on base; Atlanta 2 - Houston 0 |
TOP OF THE 4TH |
Atlanta Braves batting - Pitching for Houston Astros : RHP Rick Camp
|
Batting: LHB Mike Hargrove
|
0-0: Ball 1-0: Foul Ball, location: 2F 1-1: Ball 2-1: DOUBLE (Line Drive, 89XD, EV 103.1 MPH)
|
Batting: LHB Mike Scioscia
|
0-0: Called Strike 0-1: Ball 1-1: Swinging Strike 1-2: Ball 2-2: Ball 3-2: Base on Balls
|
Batting: RHB Tom Veryzer
|
0-0: Called Strike 0-1: Ball 1-1: SINGLE (Groundball, 6D, EV 103.8 MPH) Mike Hargrove to third Mike Scioscia to second Runner from 3rd tries for Home, SAFE, throw by CF to home
|
Batting: RHB Dick Drago
|
0-0: Bunted foul 0-1: Sac Bunt to 15S - play at third, runner OUT! 1-6 Tom Veryzer to second
|
Batting: LHB Brett Butler
|
0-0: Foul Ball, location: 2F 0-1: Ball 1-1: Called Strike 1-2: Fielders Choice at 2nd, 5-4 (Groundball, 56, EV 105.6 MPH) Tom Veryzer to third
|
Batting: LHB Joe L Morgan
|
0-0: Ball 1-0: Ball 2-0: Reached on error, E1 (Groundball, 23, EV 69.4 MPH) Tom Veryzer scores Brett Butler to second
|
Batting: SHB Tony Fernandez
|
0-0: Ball 1-0: Called Strike 1-1: Ball 2-1: Foul Ball, location: 2F 2-2: Fielders Choice at 2nd, 5-4 (Groundball, 56, EV 108.1 MPH)
|
Top of the 4th over - 2 runs, 2 hits, 1 error, 2 left on base; Atlanta 4 - Houston 0 |
BOTTOM OF THE 4TH |
Houston Astros batting - Pitching for Atlanta Braves : RHP Dick Drago
|
Batting: RHB Mickey Hatcher
|
0-0: Ball 1-0: Swinging Strike 1-1: Ball 2-1: Ball 3-1: Base on Balls
|
Batting: RHB John Castino
|
0-0: Ball 1-0: Fielders Choice at 2nd, 6-4 (Groundball, 6, EV 113.1 MPH)
|
Batting: LHB Jose Cruz
|
0-0: SINGLE (Line Drive, 9S, EV 88.8 MPH) John Castino to second Runner from 2nd tries for 3rd, SAFE, throw by RF made to third
|
Batting: RHB Julio Franco
|
0-0: Called Strike 0-1: SINGLE (Line Drive, 78S, EV 95.6 MPH) John Castino scores Jose Cruz to second
|
Batting: SHB Christopher Clark
|
0-0: Called Strike 0-1: DOUBLE (Groundball, 3L, EV 108.1 MPH) Jose Cruz scores Julio Franco to third Runner from 3rd tries for Home, SAFE, throw by RF to trailing runner, SAFE at third!
|
Batting: RHB Zail Smith
|
0-0: Called Strike 0-1: Ball 1-1: Ball Wild Pitch! Christopher Clark scores 2-1: Called Strike 2-2: Foul Ball, location: 2F 2-2: Ball 3-2: Foul Ball, location: 2F 3-2: Fly out, F2 (Popup, 25F, EV 89.4 MPH)
|
Batting: SHB Tom Herr
|
0-0: Ball 1-0: Called Strike 1-1: TRIPLE (Line Drive, 89XD, EV 108.1 MPH)
|
Batting: RHB Dave Valle
|
0-0: Intentional Walk
|
Batting: RHB Rick Camp
|
0-0: Ball 1-0: Ball 2-0: Called Strike 2-1: Ground out 4-3 (Groundball, 34, EV 79.4 MPH)
|
Bottom of the 4th over - 4 runs, 4 hits, 0 errors, 2 left on base; Atlanta 4 - Houston 4 |
TOP OF THE 5TH |
Atlanta Braves batting - Pitching for Houston Astros : RHP Rick Camp
|
Batting: LHB Karl Pagel
|
0-0: Called Strike 0-1: Ball 1-1: Ball 2-1: Called Strike 2-2: Ball 3-2: SINGLE (Line Drive, 34D, EV 100.0 MPH)
|
Batting: LHB Leon Durham
|
0-0: SINGLE (Line Drive, 7LS, EV 90.0 MPH) Karl Pagel to second
|
Batting: LHB Mike Hargrove
|
0-0: Called Strike 0-1: Foul Ball, location: 2F 0-2: Foul Ball, location: 2F 0-2: Fly out, F7 (Flyball, 78D, EV 90.0 MPH)
|
Batting: LHB Mike Scioscia
|
0-0: Swinging Strike 0-1: Foul Ball, location: 2F 0-2: Reached via error on a dropped throw from 2B, E6 (Groundball, 4, EV 86.3 MPH) Karl Pagel to third Leon Durham to second
|
Batting: RHB Tom Veryzer
|
0-0: Single, Error in OF, E7, batter to second base (Groundball, 6, EV 106.9 MPH) Karl Pagel scores Leon Durham scores Mike Scioscia to third
|
Batting: RHB Dick Drago
|
0-0: Called Strike 0-1: Ball 1-1: Ball 2-1: Foul Ball, location: 2F 2-2: Reached on error, E6 (Groundball, 6, EV 87.5 MPH) Mike Scioscia scores Tom Veryzer to third
|
Pitching: RHP Gilberto Mendoza
|
|
Batting: LHB Brett Butler
|
0-0: Swinging Strike 0-1: Swinging Strike 0-2: Foul Ball, location: 2F 0-2: Foul Ball, location: 2F 0-2: Hit by Pitch Dick Drago to second
|
Batting: LHB Joe L Morgan
|
0-0: Foul Ball, location: 2F 0-1: Ball 1-1: Called Strike 1-2: Ball 2-2: Foul Ball, location: 2F 2-2: Ball 3-2: Grounds into fielders choice 3-2 (Groundball, 3, EV 100.0 MPH) Dick Drago to third Brett Butler to second
|
Batting: SHB Tony Fernandez
|
0-0: Called Strike 0-1: Ball 1-1: Foul Ball, location: 2F 1-2: Foul Ball, location: 2F 1-2: Foul Ball, location: 2F 1-2: Reached on error, E4 (Groundball, 34D, EV 108.8 MPH) Dick Drago scores Brett Butler to third Joe L Morgan to second
|
Batting: LHB Karl Pagel
|
0-0: Fielders Choice at 2nd, U6 (Groundball, 6M, EV 88.1 MPH)
|
Top of the 5th over - 4 runs, 3 hits, 4 errors, 3 left on base; Atlanta 8 - Houston 4 |
BOTTOM OF THE 5TH |
Houston Astros batting - Pitching for Atlanta Braves : RHP Dick Drago
|
Batting: RHB Mickey Hatcher
|
0-0: Ground out 6-3 (Groundball, 6, EV 102.5 MPH)
|
Batting: RHB John Castino
|
0-0: Called Strike 0-1: Ball 1-1: Called Strike 1-2: Strikes out swinging
|
Batting: LHB Jose Cruz
|
0-0: Ball 1-0: Ball 2-0: Foul Ball, location: 2F 2-1: Foul Ball, location: 2F 2-2: Foul Ball, location: 2F 2-2: Foul Ball, location: 2F 2-2: SINGLE (Line Drive, 4D, EV 95.6 MPH)
|
Batting: RHB Julio Franco
|
0-0: Ball 1-0: SINGLE (Line Drive, 7LS, EV 110.0 MPH) Jose Cruz to second
|
Batting: SHB Christopher Clark
|
0-0: Ball 1-0: Swinging Strike 1-1: Ball 2-1: Ball 3-1: Base on Balls Jose Cruz to third Julio Franco to second
|
Batting: RHB Zail Smith
|
0-0: Ball 1-0: Foul Ball, location: 2F 1-1: Foul Ball, location: 2F 1-2: Foul Ball, location: 2F 1-2: Ball 2-2: Ground out 4-3 (Groundball, 34, EV 80.6 MPH)
|
Bottom of the 5th over - 0 runs, 2 hits, 0 errors, 3 left on base; Atlanta 8 - Houston 4 |
TOP OF THE 6TH |
Atlanta Braves batting - Pitching for Houston Astros : RHP Gilberto Mendoza
|
Batting: LHB Leon Durham
|
0-0: Foul Ball, location: 2F 0-1: Fly out, F5 (Popup, 56S, EV 87.5 MPH)
|
Batting: LHB Mike Hargrove
|
0-0: Ball 1-0: Foul Ball, location: 2F 1-1: Foul Ball, location: 2F 1-2: Ball 2-2: Ball 3-2: SINGLE (Line Drive, 9LS, EV 102.5 MPH)
|
Batting: LHB Mike Scioscia
|
0-0: Fly out, F9 (Line Drive, 9D, EV 89.4 MPH)
|
Batting: RHB Tom Veryzer
|
0-0: Called Strike 0-1: Foul Ball, location: 2F 0-2: Foul Ball, location: 2F 0-2: Reached on error, E6 (Groundball, 6, EV 103.8 MPH) Mike Hargrove to second
|
Batting: RHB Dick Drago
|
0-0: Ball 1-0: Ball 2-0: Called Strike 2-1: Foul Ball, location: 2F 2-2: Strikes out swinging
|
Top of the 6th over - 0 runs, 1 hit, 1 error, 2 left on base; Atlanta 8 - Houston 4 |
BOTTOM OF THE 6TH |
Houston Astros batting - Pitching for Atlanta Braves : RHP Dick Drago
|
Batting: SHB Tom Herr
|
0-0: Ball 1-0: Called Strike 1-1: Ground out 4-3 (Groundball, 4, EV 86.3 MPH)
|
Batting: RHB Dave Valle
|
0-0: Foul Ball, location: 2F 0-1: Swinging Strike 0-2: Ball 1-2: Strikes out looking
|
Pinch Hitting: SHB Bill D Doran
|
0-0: Ball 1-0: Fly out, F8 (Flyball, 8LXD, EV 92.5 MPH)
|
Bottom of the 6th over - 0 runs, 0 hits, 0 errors, 0 left on base; Atlanta 8 - Houston 4 |
TOP OF THE 7TH |
Atlanta Braves batting - Pitching for Houston Astros : RHP Gilberto Mendoza
|
Pitching: RHP Reggie Cleveland
|
|
Batting: LHB Brett Butler
|
0-0: Called Strike 0-1: Ball 1-1: Ball 2-1: Ball 3-1: Base on Balls
|
Batting: LHB Joe L Morgan
|
0-0: Ball Brett Butler steals 2nd base (no throw) 1-0: Fly out, F7 (Flyball, 78M, EV 83.8 MPH)
|
Batting: SHB Tony Fernandez
|
0-0: Ball 1-0: SINGLE (Groundball, 4MD, EV 107.5 MPH) Brett Butler to third Runner from 3rd tries for Home, SAFE, throw by CF to home
|
Batting: LHB Karl Pagel
|
0-0: SINGLE (Flyball, 3D, EV 99.4 MPH) Tony Fernandez to second Runner from 2nd tries for 3rd, SAFE, no throw by RF
|
Batting: LHB Leon Durham
|
0-0: Called Strike 0-1: Called Strike 0-2: Strikes out swinging
|
Batting: LHB Mike Hargrove
|
Pickoff Throw to First - Out! 1-3
|
Top of the 7th over - 1 run, 2 hits, 0 errors, 1 left on base; Atlanta 9 - Houston 4 |
BOTTOM OF THE 7TH |
Houston Astros batting - Pitching for Atlanta Braves : RHP Dick Drago
|
Batting: RHB Mickey Hatcher
|
0-0: Called Strike 0-1: Fly out, F6 (Line Drive, 6, EV 65.6 MPH)
|
Batting: RHB John Castino
|
0-0: Foul Ball, location: 2F 0-1: Ball 1-1: Fly out, F5 (Line Drive, 5, EV 64.4 MPH)
|
Batting: LHB Jose Cruz
|
0-0: Ball 1-0: Ball 2-0: Swinging Strike 2-1: Swinging Strike 2-2: Ball 3-2: Base on Balls
|
Batting: RHB Julio Franco
|
0-0: Called Strike 0-1: SINGLE (Line Drive, 9S, EV 90.6 MPH) Jose Cruz to second Runner from 2nd tries for 3rd, SAFE, no throw by RF
|
Batting: SHB Christopher Clark
|
0-0: Ball 1-0: SINGLE (Groundball, 4MD, EV 106.9 MPH) Jose Cruz scores Julio Franco to second Runner from 2nd tries for 3rd, SAFE, throw by CF made to third
|
Batting: RHB Zail Smith
|
0-0: Ball 1-0: Called Strike 1-1: Ball 2-1: Ball 3-1: Fielders Choice at 2nd, 6-4 (Groundball, 6, EV 86.3 MPH)
|
Bottom of the 7th over - 1 run, 2 hits, 0 errors, 2 left on base; Atlanta 9 - Houston 5 |
TOP OF THE 8TH |
Atlanta Braves batting - Pitching for Houston Astros : RHP Reggie Cleveland
|
Batting: LHB Mike Hargrove
|
0-0: Swinging Strike 0-1: Fly out, F1 (Line Drive, P, EV 65.0 MPH)
|
Batting: LHB Mike Scioscia
|
0-0: Swinging Strike 0-1: Foul Ball, location: 2F 0-2: Ball 1-2: Foul Ball, location: 2F 1-2: Ball 2-2: Foul Ball, location: 2F 2-2: Ball 3-2: Foul Ball, location: 2F 3-2: Foul Ball, location: 2F 3-2: Foul Ball, location: 2F 3-2: SINGLE (Groundball, 3D, EV 98.1 MPH)
|
Batting: RHB Tom Veryzer
|
0-0: Ball 1-0: Foul Ball, location: 2F 1-1: Called Strike 1-2: Fly out, F8 (Flyball, 8LS, EV 74.4 MPH)
|
Batting: RHB Dick Drago
|
0-0: Called Strike 0-1: Foul Ball, location: 2F 0-2: Ball 1-2: Foul Ball, location: 2F 1-2: Ground out 4-3 (Groundball, 4, EV 83.8 MPH)
|
Top of the 8th over - 0 runs, 1 hit, 0 errors, 1 left on base; Atlanta 9 - Houston 5 |
BOTTOM OF THE 8TH |
Houston Astros batting - Pitching for Atlanta Braves : RHP Dick Drago
|
Batting: SHB Tom Herr
|
0-0: Ball 1-0: SINGLE (Groundball, 3D, EV 102.5 MPH)
|
Batting: RHB Dave Valle
|
0-0: Ball 1-0: Foul Ball, location: 2F 1-1: Fielders Choice at 2nd, 6-4 (Groundball, 6M, EV 79.4 MPH)
|
Now at 2B: UL Washington
|
|
Pinch Hitting: LHB George Vukovich
|
0-0: Called Strike 0-1: Foul Ball, location: 2F 0-2: Ball 1-2: Fielders Choice at 2nd, 1-4 (Groundball, 15S, EV 73.1 MPH)
|
Batting: RHB Mickey Hatcher
|
0-0: Ball 1-0: Ball 2-0: Called Strike 2-1: Fly out, F3 (Popup, 3SF, EV 81.9 MPH)
|
Bottom of the 8th over - 0 runs, 1 hit, 0 errors, 1 left on base; Atlanta 9 - Houston 5 |
TOP OF THE 9TH |
Atlanta Braves batting - Pitching for Houston Astros : RHP Reggie Cleveland
|
Pitching: LHP Keith Comstock
|
|
Batting: LHB Brett Butler
|
0-0: Foul Ball, location: 2F 0-1: Foul Ball, location: 2F 0-2: Ball 1-2: Strikes out swinging
|
Batting: SHB UL Washington
|
0-0: Called Strike 0-1: Foul Ball, location: 2F 0-2: Foul Ball, location: 2F 0-2: Ball 1-2: Ground out 6-3 (Groundball, 6, EV 88.1 MPH)
|
Batting: SHB Tony Fernandez
|
0-0: Ball 1-0: Ball 2-0: Foul Ball, location: 2F 2-1: Foul Ball, location: 2F 2-2: Foul Ball, location: 2F 2-2: Ball 3-2: SINGLE (Groundball, 6MD, EV 100.6 MPH)
|
Batting: LHB Karl Pagel
|
0-0: Called Strike 0-1: Ball 1-1: Swinging Strike 1-2: Ball 2-2: Strikes out swinging
|
Top of the 9th over - 0 runs, 1 hit, 0 errors, 1 left on base; Atlanta 9 - Houston 5 |
BOTTOM OF THE 9TH |
Houston Astros batting - Pitching for Atlanta Braves : RHP Dick Drago
|
Batting: RHB John Castino
|
0-0: Ball 1-0: Called Strike 1-1: Ball 2-1: Ball 3-1: Ground out 4-3 (Groundball, 4, EV 86.3 MPH)
|
Batting: LHB Jose Cruz
|
0-0: Ball 1-0: Ball 2-0: Called Strike 2-1: Swinging Strike 2-2: Foul Ball, location: 2F 2-2: SOLO HOME RUN (Flyball, 9LD, EV 91.9 MPH), Distance : 355 ft
|
Pitching: LHP Wilbur Wood
|
|
Now in RF: Gil Flores
|
|
Batting: RHB Julio Franco
|
0-0: Ground out 5-3 (Groundball, 56, EV 100.6 MPH)
|
Batting: SHB Christopher Clark
|
0-0: Ball 1-0: Foul Ball, location: 2F 1-1: Foul Ball, location: 2F 1-2: Ball 2-2: Foul Ball, location: 2F 2-2: Ball 3-2: Strikes out swinging, 2-3 out at first.
|
Bottom of the 9th over - 1 run, 1 hit, 0 errors, 0 left on base; Atlanta 9 - Houston 6 |
|